 Dungeon Crawl Stone Soup version 0.29.1-4-g47bece8355 (webtiles) character file.

Game seed: 9119472868774021158

2895 GigaChad the Cleaver (level 9, -1/73 (81) HPs)
             Began as a Minotaur Fighter on Dec 9, 2022.
             Was a Believer of Trog.
             Shot with an arrow by a centaur (6 damage)
             ... on level 8 of the Dungeon.
             The game lasted 00:14:52 (7080 turns).

GigaChad the Cleaver (Minotaur Fighter)             Turns: 7080, Time: 00:14:52

HP:   -1/73 (81)    AC: 15    Str: 31    XL:     9   Next: 49%
MP:   8/8           EV:  7    Int:  5    God:    Trog [**....]
Gold: 87            SH: 11    Dex: 10    Spells: 8/8 levels left

rFire   . . .      SeeInvis .   z - +0 war axe (vamp)
rCold   . . .      Faith    .   c - +0 buckler
rNeg    . . .      Spirit   .   l - +2 plate armour
rPois   +          Reflect  +   (helmet restricted)
rElec   .          Harm     .   m - scarf {repulsion}
rCorr   .          Rampage  .   (no gloves)
Will    .....                   (no boots)
Stlth   ..........              k - amulet of reflection
HPRegen 0.22/turn               h - ring of poison resistance
MPRegen 0.11/turn               F - +6 ring of strength

@: drained, repel missiles
A: horns 2, retaliatory headbutt
a: Renounce Religion, Berserk, Trog's Hand


You were on level 8 of the Dungeon.
You worshipped Trog.
Trog was pleased with you.
You visited 2 branches of the dungeon, and saw 9 of its levels.

You collected 447 gold pieces.
You spent 360 gold pieces at shops.

Inventory:

Hand Weapons
 a - a +0 war axe
 z - a +0 vampiric war axe (weapon)
Missiles
 B - 6 javelins (quivered)
Armour
 b - a +0 scale mail
 c - a +0 buckler (worn)
 l - a +2 plate armour (worn)
 m - a scarf of repulsion (worn)
Jewellery
 f - a +4 ring of evasion
 h - a ring of poison resistance (left hand)
 i - a ring of fire
 k - an amulet of reflection (around neck)
 x - an amulet of guardian spirit
 F - a +6 ring of strength (right hand)
Wands
 v - a wand of flame (13)
 A - a wand of roots (10)
Scrolls
 g - 3 scrolls of vulnerability
 n - 2 scrolls of torment {unknown}
 o - 3 scrolls of poison
 r - 2 scrolls of butterflies {unknown}
 s - 6 scrolls of identify
 t - 4 scrolls of teleportation {unknown}
 w - 2 scrolls of magic mapping {unknown}
 y - 2 scrolls of brand weapon {unknown}
Potions
 d - 3 potions of might
 e - 3 potions of attraction {unknown}
 j - 4 potions of curing
 p - 2 potions of brilliance {unknown}
 q - a potion of experience {unknown}
 u - 3 potions of ambrosia {unknown}
 C - 2 potions of flight {unknown}
 D - a potion of haste {unknown}
 E - a potion of heal wounds {unknown}


   Skills:
 * Level 8.1 Fighting
 + Level 9.3 Axes
 + Level 7.9 Armour
 - Level 0.1 Dodging
 - Level 0.2 Stealth
 * Level 8.9 Shields


You had 8 spell levels left.
You didn't know any spells.
Your spell library contained the following spells:

 Spells                   Type           Power      Damage    Failure   Level
 Sandblast                Erth           0%         2d4       99%         1
 Passwall                 Tmut/Erth      0%         N/A       100%        2
 Stone Arrow              Conj/Erth      0%         3d7       100%        3


Dungeon Overview and Level Annotations

Branches:
Dungeon (8/15)             Temple (1/1) D:4
   Lair: D:8-11

Altars:
Ashenzari
Cheibriados
Dithmenos
Elyvilon
Gozag
Hepliaklqana
Nemelex Xobeh
Qazlal
Trog
Uskayaw

Shops:
D:8 =

Annotations:
D:8 3 runed translucent doors


Innate Abilities, Weirdness & Mutations

You have a pair of horns on your head.
You reflexively headbutt those who attack you in melee.


Message History

* * * LOW HITPOINT WARNING * * *
The wight hits you but does no damage. You block the water moccasin's attack.
The wight barely misses you. The wight hits you but does no damage.
You slash the wight!
You destroy the wight!
Trog accepts your kill.
You slash the wight! You miss the water moccasin.
You block the water moccasin's attack.
The water moccasin bites you but does no damage.
The wight barely misses you.
You closely miss the kobold. You headbutt the kobold.
The kobold is heavily wounded.
You hit the wight.
You hit the water moccasin but do no damage.
The water moccasin bites you but does no damage.
The kobold hits you but does no damage. You block the wight's attack.
You block the water moccasin's attack.
You slice the kobold!!
You feel better.
You kill the kobold!
Trog accepts your kill.
You closely miss the water moccasin. You hit the wight but do no damage.
You block the water moccasin's attack. The wight barely misses you.
The water moccasin bites you.
* * * LOW HITPOINT WARNING * * *
You block the wight's attack. The water moccasin bites you.
* * * LOW HITPOINT WARNING * * *
Items here: )) [ †.
The water moccasin attacks as you move away!
The water moccasin bites you.
* * * LOW HITPOINT WARNING * * *
The centaur shoots an arrow.
The arrow hits you.
* * * LOW HITPOINT WARNING * * *
The wight hits you with a +2 mace.
* * * LOW HITPOINT WARNING * * *
You hear a shout!
The wight attacks as you move away! The wight hits you but does no damage.
The centaur shoots an arrow.
You reflect the arrow off an invisible shield around you!
The arrow hits the centaur!
The centaur shoots an arrow.
The arrow hits you.
You die...

...####.# ..# #
........####..##.# ...
...........#..........
........##....# .....
.......c##....# ....
#KSK..c#####.#
#)####)).#...# #.
#.#.#.#.# .c #.)S@...#
.#. ##)z.∩..### #..K
#.#..))).# # #K
#.#.##)#.# # ..
#.#...)#.#.#
#.#.#......#
####.#...†..#.#
#######.........###.#
#...u#..##.###### .


You could see a water moccasin, a centaur and a wight.

Vanquished Creatures
  Pikel (D:6)
  Grinder (D:3)
  Sigmund (D:6)
  A steam dragon (D:7)
  2 ogres (D:4)
  A centaur (D:7)
  4 bullfrogs
  A kobold brigand (D:8)
  2 necrophages (D:6)
  3 scorpions
  5 wights
  4 jellies
  A howler monkey (D:5)
  4 hounds (D:5)
  A gnoll bouda (D:3)
  4 orc priests
  5 iguanas
  2 orc wizards (D:7)
  Ijyb (D:3)
  Robin (D:3)
  6 gnolls
  3 adders
  2 shadow imps
  2 white imps (D:7)
  2 dart slugs (D:1)
  16 orcs
  5 ball pythons
  5 endoplasms
  16 goblins
  9 hobgoblins
  7 jackals
  A quokka (D:1)
  4 bats
  4 frilled lizards
  16 kobolds
  8 rats
151 creatures vanquished.

Notes
Turn   | Place    | Note
-------+----------+-------------------------------------------
     0 | D:1      | GigaChad the Minotaur Fighter began the quest for the Orb.
     0 | D:1      | Reached XP level 1. HP: 19/19 MP: 0/0
   273 | D:1      | Reached XP level 2. HP: 27/27 MP: 1/1
  1442 | D:2      | Reached XP level 3. HP: 29/33 MP: 2/2
  1987 | D:3      | Noticed Grinder
  2001 | D:3      | Killed Grinder
  2002 | D:3      | Reached skill level 4 in Axes
  2002 | D:3      | Reached XP level 4. HP: 21/41 MP: 3/3
  2002 | D:3      | Reached XP level 5. HP: 25/47 MP: 4/4
  2179 | D:3      | Noticed Robin
  2192 | D:3      | Killed Robin
  2193 | D:3      | Reached XP level 6. HP: 44/53 MP: 5/5
  2252 | D:3      | Found a faded altar of an unknown god.
  2381 | D:3      | Noticed Ijyb
  2394 | D:3      | Killed Ijyb
  2438 | D:3      | Found a white marble altar of Elyvilon.
  2564 | D:3      | Reached skill level 5 in Shields
  2785 | D:4      | Found a staircase to the Ecumenical Temple.
  2798 | Temple   | Entered the Ecumenical Temple
  2824 | Temple   | Became a worshipper of Trog the Wrathful
  2987 | D:4      | Reached skill level 5 in Fighting
  2987 | D:4      | Reached skill level 5 in Axes
  3064 | D:4      | Found a broken altar of Ashenzari.
  3068 | D:4      | Saw a vision of the Shoals and the Spider Nest.
  3068 | D:4      | Noticed a demonic crawler
  3068 | D:4      | Noticed a moth of wrath
  3068 | D:4      | Noticed a harpy
  3068 | D:4      | Noticed a wolf spider
  3068 | D:4      | Noticed a wolf spider
  3068 | D:4      | Noticed a redback
  3068 | D:4      | Noticed a tarantella
  3068 | D:4      | Noticed a redback
  3068 | D:4      | Noticed an alligator snapping turtle
  3068 | D:4      | Noticed a culicivora
  3068 | D:4      | Noticed a demonic crawler
  3068 | D:4      | Noticed a wolf spider
  3071 | D:4      | Noticed a merfolk avatar
  3071 | D:4      | Noticed a water elemental
  3119 | D:4      | Reached XP level 7. HP: 8/61 MP: 6/6
  4205 | D:5      | Entered Level 5 of the Dungeon
  4294 | D:5      | Reached skill level 6 in Axes
  4414 | D:5      | Reached * piety under Trog
  4422 | D:5      | Reached XP level 8. HP: 57/70 MP: 7/7
  4505 | D:5      | Found a hide-covered altar of Uskayaw.
  5157 | D:5      | Reached skill level 7 in Axes
  5375 | D:6      | Noticed Pikel
  5376 | D:6      | Noticed Sigmund
  5397 | D:6      | Killed Pikel
  5409 | D:6      | Killed Sigmund
  5410 | D:6      | Reached skill level 8 in Axes
  5613 | D:6      | Reached XP level 9. HP: 70/79 MP: 8/8
  5736 | D:6      | Found a shadowy altar of Dithmenos.
  6337 | D:7      | Found a sparkling altar of Nemelex Xobeh.
  6487 | D:7      | Found a hazy altar of Hepliaklqana.
  6722 | D:7      | Reached skill level 9 in Axes
  6990 | D:8      | Found a runed translucent gate.
  6990 | D:8      | Found a runed translucent gate.
  6990 | D:8      | Found a runed translucent gate.
  6990 | D:8      | Noticed a red ugly thing
  6990 | D:8      | Noticed a cyan ugly thing
  6990 | D:8      | Noticed a glowing orange brain
  7005 | D:8      | Found Afohoril's Jewellery Boutique.
  7026 | D:8      | Reached ** piety under Trog
  7037 | D:8      | Bought a +6 ring of strength for 360 gold pieces
  7051 | D:8      | Found an opulent altar of Gozag.
  7080 | D:8      | Shot with an arrow by a centaur

Illustrated notes

Levels and vault maps discovered:
D:1:      lemuel_arrival_tunnels, layout_loops_ring,
          ebering_dispersal_statue_hall
D:2:      layout_loops_cross, kennysheep_generic_room_8
D:3:      layout_basic, elyvilon_altar_5, hellmonk_ecumenical_altar_arch_garden,
          uniq_robin, uniq_ijyb, uniq_grinder
D:4:      layout_gridville, grunt_ashenzari_visionary
          [grunt_ashenzari_visionary_shoals, grunt_ashenzari_visionary_spider],
          minmay_temple_entry_waves
D:5:      layout_basic, lemuel_doored_altar
D:6:      layout_gridville, grunt_dithmenos_smoke, uniq_pikel, uniq_sigmund
D:7:      layout_loops_ring, nemelex_spade_bored_becter,
          mainiacjoe_overflow_six_doors_small
D:8:      minmay_chambers_of_sixes, layout_loops_cross,
          grunt_temple_overflow_magic_moments, nicolae_tso_carved_into_rock,
          nicolae_gozag_cash_rules_everything_around_me,
          ploomutoo_gammafunk_ghost_potion_laboratory, serial_shops, shop,
          nicolae_shop_clearance, uniq_grum
Temple:   nicolae_temple_godpark

Skill      XL: |  1  2  3  4  5  6  7  8  9 |
---------------+----------------------------+-----
Armour         | 4 6 7 |  7.9
Shields        | 4 5 6 8 |  8.9
Fighting       | 4 5 7 8 |  8.1
Axes           | 4 5 6 8 9 |  9.3
Dodging        | |  0.1
Stealth        | |  0.2

Action                   |  1- 3 |  4- 6 |  7- 9 || total
-------------------------+-------+-------+-------++-------
Melee: War axe           |    96 |   111 |   203 ||   410
       Headbutt          |     7 |    19 |    38 ||    64
  Use: Scroll            |     4 |     6 |       ||    10
Armor: Scale mail        |    19 |       |       ||    19
       Plate armour      |    41 |    61 |   102 ||   204
Dodge: Dodged            |    36 |    37 |    61 ||   134
       Repelled          |       |     1 |     1 ||     2
Block: Buckler           |    43 |    66 |   118 ||   227
       Reflection        |       |       |     2 ||     2
